 Dungeon Crawl Stone Soup version 0.25.0-11-g1f837a7 (webtiles) character file.

Game seed: 8146049329718065422

6574 robertstho the Cleaver (level 10, -1/92 HPs)
             Began as a Minotaur Berserker on June 25, 2020.
             Was an Elder of Trog.
             Slain by a sun demon (17 damage)
             ... led by a balrug
             ... on level 1 of the Abyss.
             The game lasted 00:12:58 (9058 turns).

robertstho the Cleaver (Minotaur Berserker)         Turns: 9058, Time: 00:12:59

Health: -1/92      AC: 14    Str: 23    XL:     10   Next: 70%
Magic:  18/18      EV: 10    Int:  5    God:    Trog [****..]
Gold:   319        SH:  5    Dex: 11    Spells: 9/9 levels left

rFire    + . .     SeeInvis .   g - +1 war axe (venom)
rCold    + + .     Gourm    .   (no shield)
rNeg     . . .     Faith    .   C - +0 plate armour
rPois    +         Spirit   .   (helmet restricted)
rElec    +         Reflect  +   j - +1 cloak
rCorr    +         Harm     .   b - -3 pair of gloves of Undesirable Species {rPois rCorr}
MR       ++...                  (no boots)
Stlth    ..........             a - amulet of reflection
HPRegen  1.25/turn              x - ring of magical power
MPRegen  0.16/turn              (no ring)

@: resistant, regenerating, hasted, very quick
A: retaliatory headbutt, horns 2, cold resistance 1
a: Berserk, Trog's Hand, Brothers in Arms, Renounce Religion


You were on level 1 of the Abyss.
You worshipped Trog.
Trog was greatly pleased with you.
You were hungry.

You visited 1 branch of the dungeon, and saw 9 of its levels.
You visited the Abyss 1 time.

You collected 407 gold pieces.
You spent 88 gold pieces at shops.

Inventory:

Hand Weapons
 g - a +1 war axe of venom (weapon)
 n - the +5 quarterstaff of Punishment {protect, rF+}
   (You found it on level 4 of the Dungeon)

   It grants its wielder temporary protection when it strikes (+7 to AC).
   It protects you from fire.
Armour
 b - the -3 pair of gloves of Undesirable Species (worn) {rPois rCorr}
   (You bought it in a shop on level 5 of the Dungeon)

   It protects you from poison.
   It provides partial protection from all sources of acid and corrosion.
 j - a +1 cloak (worn)
 s - a +0 pair of gloves
 C - a +0 plate armour (worn)
Jewellery
 a - an amulet of reflection (around neck)
 x - a ring of magical power (left hand)
Wands
 y - a wand of acid (12)
 F - a wand of flame (19)
 G - a wand of clouds (9)
Scrolls
 e - a scroll of enchant armour
 f - 7 scrolls of remove curse
 i - a scroll of amnesia {unknown}
 o - 2 scrolls of noise
 q - a scroll of random uselessness {unknown}
 r - a scroll of fog {unknown}
 u - a scroll of fear
 w - a scroll of teleportation {unknown}
 z - a scroll of magic mapping
 B - a scroll of blinking {unknown}
 D - a scroll of enchant weapon {unknown}
 H - a scroll of identify
Potions
 d - 4 potions of stabbing
 h - 5 potions of degeneration
 k - a potion of lignification {unknown}
 m - 2 potions of heal wounds {unknown}
 p - a potion of invisibility {unknown}
 v - 2 potions of haste
 A - a potion of flight
 E - a potion of magic {unknown}
Comestibles
 c - 20 rations


   Skills:
 * Level 9.7 Fighting
 * Level 12.7 Axes
 + Level 3.8 Staves
 * Level 8.5 Armour
 * Level 7.1 Dodging
 + Level 1.6 Stealth


You had 9 spell levels left.
You didn't know any spells.
Your spell library was empty.

Dungeon Overview and Level Annotations

Branches:
Dungeon (9/15)             Temple (0/1) D:7
   Lair: D:8-11         Orc: D:9-12

Altars:
Ashenzari
Fedhas
Gozag
Makhleb
Okawaru
Ru

Shops:
D:5 [

Annotations:
D:9 Erolcha


Innate Abilities, Weirdness & Mutations

You reflexively headbutt those who attack you in melee.
You have a pair of horns on your head.
Your flesh is cold resistant. (rC+)


Message History

A sun demon comes into view.
The sun demon shouts!
The small abomination hits your ogre!!
Your ogre hits the small abomination with a +0 giant spiked club!!
The small abomination is destroyed!
Trog accepts your kill. The sun demon barely misses your ogre.
Your ogre hits the sun demon with a +0 giant spiked club!!!
A large abomination comes into view.
You feel protected. The large abomination hits you!
* * * LOW HITPOINT WARNING * * *
Unknown command.
You feel better. The large abomination hits you.
* * * LOW HITPOINT WARNING * * *
You block the sun demon's attack.
You feel yourself speed up.
The large abomination barely misses you.
The sun demon hits you!
You die...

#.#..## # . .#
2..##.# .
##..#.5...##
#.
#.#3###4#...#
.#. ##..
##..#......
...#.#.####5##
.#...
..#...##3.34#
...
#....#3###.##
## #...§#X@#
####### ...
##.## . #. #x.
...###. #.. .#
.$ ..##.# . .
.# # .#.# .# .
## . ##.# .#.
#.# . . :# .
#.. ..... # .
#. ....# #.§#.
. . . .# ##. .


You could see 2 sun demons and a large abomination.

Vanquished Creatures
  A shadow wraith (Abyss:1)
  An ugly thing (D:5)
  A smoke demon (Abyss:1)
  Maggie (D:7)
  A large abomination (Abyss:1)
  Prince Ribbit (D:5)
  A hippogriff (D:5)
  Sigmund (D:2)
  5 yaks
  A ynoxinul (Abyss:1)
  A small abomination (Abyss:1)
  A neqoxec (Abyss:1)
  A water moccasin (D:8)
  3 orc warriors
  A sky beast (D:7)
  2 ogres
  2 phantoms
  A necrophage (D:7)
  A centaur (D:7)
  A big kobold (D:8)
  3 bullfrogs
  2 scorpions
  5 wights (D:8)
  3 killer bees (D:7)
  A howler monkey (D:6)
  A centaur zombie (D:5)
  2 bullfrog zombies
  5 crimson imps
  A quasit (Abyss:1)
  A hound (D:9)
  A jelly (D:5)
  7 orc priests
  9 orc wizards
  A bullfrog skeleton (D:5)
  A centaur skeleton (D:6)
  An iguana (D:4)
  4 worker ants
  A hound zombie (D:6)
  A hound skeleton (D:6)
  8 gnolls (D:3)
  8 adders
  2 shadow imps
  An ufetubus (Abyss:1)
  An ooze (D:5)
  An adder zombie (D:8)
  4 worms
  7 dart slugs
  A leopard gecko (D:2)
  31 orcs
  7 giant cockroaches
  10 hobgoblins
  20 jackals
  10 kobolds
  3 quokkas
  4 ball pythons
  A ball python skeleton (D:5)
  10 bats
  4 frilled lizards
  9 goblins
  A jackal skeleton (D:5)
  9 rats
230 creatures vanquished.

Vanquished Creatures (collateral kills)
  A small abomination (Abyss:1)
1 creature vanquished.

Grand Total: 231 creatures vanquished

Notes
Turn   | Place    | Note
-------+----------+-------------------------------------------
     0 | D:1      | robertstho the Minotaur Berserker began the quest for the
                  | Orb.
     0 | D:1      | Reached XP level 1. HP: 19/19 MP: 0/0
   237 | D:1      | Reached XP level 2. HP: 27/27 MP: 1/1
   419 | D:1      | Reached skill level 4 in Axes
  1055 | D:2      | Reached ** piety under Trog
  1065 | D:2      | Reached XP level 3. HP: 30/34 MP: 2/2
  1467 | D:2      | Noticed Sigmund
  1482 | D:2      | Killed Sigmund
  1482 | D:2      | Reached skill level 5 in Fighting
  1482 | D:2      | Reached skill level 5 in Axes
  1482 | D:2      | Reached XP level 4. HP: 39/42 MP: 3/3
  1482 | D:2      | Reached XP level 5. HP: 45/48 MP: 4/4
  1849 | D:2      | Found a burning altar of Makhleb.
  1945 | D:2      | Found an iron altar of Okawaru.
  1946 | D:2      | Found a sacrificial altar of Ru.
  2588 | D:3      | Reached *** piety under Trog
  2588 | D:3      | Reached XP level 6. HP: 55/56 MP: 5/5
  2637 | D:3      | Reached skill level 6 in Axes
  2933 | D:3      | Found an opulent altar of Gozag.
  3688 | D:4      | Reached skill level 1 in Stealth
  3701 | D:4      | Got an ichor-stained quarterstaff
  3973 | D:4      | Reached XP level 7. HP: 62/62 MP: 6/6
  4298 | D:5      | Entered Level 5 of the Dungeon
  4298 | D:5      | Noticed Prince Ribbit
  4304 | D:5      | Killed Prince Ribbit
  4304 | D:5      | Reached skill level 7 in Axes
  4321 | D:5      | Reached **** piety under Trog
  4507 | D:5      | Reached skill level 8 in Axes
  4507 | D:5      | Reached XP level 8. HP: 51/71 MP: 7/7
  4510 | D:5      | Reached skill level 5 in Dodging
  4731 | D:5      | Found Suzashrui's Armour Shoppe.
  4745 | D:5      | Bought the -3 pair of gloves of Undesirable Species {rPois
                  | rCorr} for 88 gold pieces
  4836 | D:5      | Noticed a red ugly thing
  4837 | D:5      | Noticed a hippogriff
  4899 | D:5      | Identified the +5 quarterstaff of Punishment {protect, rF+}
                  | (You found it on level 4 of the Dungeon)
  5082 | D:5      | Killed a red ugly thing
  5082 | D:5      | Reached skill level 9 in Axes
  5082 | D:5      | Reached skill level 5 in Armour
  5101 | D:5      | Killed a hippogriff
  5101 | D:5      | Reached skill level 1 in Staves
  5529 | D:6      | Reached XP level 9. HP: 79/79 MP: 8/8
  5570 | D:6      | Found a shattered altar of Ashenzari.
  5681 | D:6      | Reached skill level 10 in Axes
  6027 | D:6      | Found a shattered altar of Ashenzari.
  7115 | D:7      | Noticed Maggie
  7128 | D:7      | Killed Maggie
  7342 | D:7      | Found a staircase to the Ecumenical Temple.
  7360 | D:7      | Reached skill level 11 in Axes
  7803 | D:8      | Reached XP level 10. HP: 63/90 MP: 9/9
  8081 | D:8      | Reached ***** piety under Trog
  8259 | D:8      | Found a blossoming altar of Fedhas.
  8795 | D:9      | Noticed Erolcha
  8806 | D:9      | Cast into level 1 of the Abyss (Erolcha)
  8859 | Abyss:1  | Reached skill level 12 in Axes
  8923 | Abyss:1  | Killed a shadow wraith
  8978 | Abyss:1  | Gained mutation: Your flesh is cold resistant. (rC+) [a
                  | neqoxec]
  9017 | Abyss:1  | Noticed a smoke demon
  9024 | Abyss:1  | Killed a smoke demon
  9032 | Abyss:1  | Noticed a balrug
  9045 | Abyss:1  | Noticed a sun demon
  9053 | Abyss:1  | Noticed a sun demon
  9055 | Abyss:1  | Noticed a large abomination
  9058 | Abyss:1  | Slain by a sun demon

Illustrated notes

Levels and vault maps discovered:
D:1:      arrival_zaba_pyramid, layout_basic, serial_glass, glass_columns_b,
          glass_columns_a, glass_columns_c, glass_columns_b, glass_columns_b,
          glass_columns_a, glass_columns_a, glass_columns_a, glass_columns_a,
          glass_columns_a
D:2:      cheibrodos_old_hovel, layout_loops_corners,
          nicolae_overflow_hidden_temple, gammafunk_temple_overflow_pools,
          uniq_sigmund
D:3:      layout_loops_cross, overflow_temple_1_default
D:4:      layout_basic
D:5:      layout_cave_pools, first_ration, serial_shops, shop,
          minmay_small_thing, uniq_prince_ribbit1
D:6:      layout_basic, lemuel_doored_altar, basic_altar,
          minmay_misc_feat_four_crosses
D:7:      layout_gridville, temple_green, uniq_maggie
D:8:      layout_loops_cross, lemuel_coloured_pillars_altar, blue_anna_alchemist
          [blue_anna_fruit_fields, blue_anna_fruit_fields],
          corexii_leaking_fountain
D:9:      minmay_diamond_stairs, layout_irregular_city, minmay_lair_entry_grove,
          enter_bailey_2, uniq_erolcha
Abyss:1:  base: D:4, base: Bailey, hangedman_relentless_pull

Skill      XL: |  1  2  3  4  5  6  7  8  9 10 |
---------------+-------------------------------+-----
Fighting       | 4 5 6 7 8 9 |  9.7
Axes           | 4 5 6 8 9 11 12 | 12.7
Armour         | 3 4 5 7 8 |  8.5
Dodging        | 3 4 5 6 7 |  7.1
Stealth        | 1 |  1.6
Staves         | 1 3 |  3.8

Action                   |  1- 3 |  4- 6 |  7- 9 | 10-12 || total
-------------------------+-------+-------+-------+-------++-------
Melee: Hand axe          |    71 |   166 |    71 |       ||   308
       Headbutt          |    11 |    34 |    58 |    17 ||   120
       Quarterstaff      |       |       |    91 |       ||    91
       War axe           |       |       |    94 |   109 ||   203
Invok: Berserk           |     1 |     2 |     5 |     1 ||     9
       Trog's Hand       |       |       |     2 |     3 ||     5
       Brothers in Arms  |       |       |     1 |     1 ||     2
  Use: Scroll            |       |       |     5 |     4 ||     9
       Potion            |       |       |     4 |     3 ||     7
 Stab: Sleeping          |     2 |     1 |       |       ||     3
       Distracted        |       |       |       |     1 ||     1
  Eat: Chunk             |     2 |    11 |    18 |     2 ||    33
       Ration            |       |       |       |     1 ||     1
Armor: Animal skin       |    17 |    14 |       |       ||    31
       Scale mail        |       |    20 |    29 |       ||    49
       Chain mail        |       |       |    40 |       ||    40
       Plate armour      |       |       |    82 |    55 ||   137
Dodge: Dodged            |    50 |   105 |   122 |    65 ||   342
Block: Other             |       |       |    21 |    26 ||    47
       Reflection        |       |       |     1 |       ||     1
